 Dungeon Crawl Stone Soup version 0.30.1-11-g7821555f0a (webtiles) character file.

Game seed: 12141833408067755451

271 KittyFluff the Cudgeller (level 6, -6/38 HPs)
             Began as a Gargoyle Berserker on Oct 28, 2023.
             Was a Believer of Trog.
             Splashed by a jelly's acid (9 damage)
             ... on level 4 of the Dungeon.
             The game lasted 00:10:55 (2746 turns).

KittyFluff the Cudgeller (Gargoyle Berserker)       Turns: 2746, Time: 00:10:57

Health: -6/38      AC: -8    Str: 22    XL:     6   Next: 23%
Magic:  6/6        EV: 12    Int:  8    God:    Trog [**....]
Gold:   227        SH:  0    Dex:  9    Spells: 5/5 levels left

rFire   . . .        a - +0 mace
rCold   . . .        (no shield)
rNeg    + . .        p - +0 leather armour
rPois   ∞            (no helmet)
rElec   +            (no cloak)
rCorr   .            (no gloves)
SInv    .            (no boots)
Will    .....        (no amulet)
Stlth   +            h - +4 ring of slaying
HPRegen 0.26/turn    (no ring)
MPRegen 0.10/turn

%: no passive effects
@: corroded
A: sickness immunity, AC +4, negative energy resistance 1, electricity
resistance, torment resistance 1, petrification resistance
a: Renounce Religion, Berserk, Trog's Hand


You were on level 4 of the Dungeon.
You worshipped Trog.
Trog was pleased with you.
You visited 1 branch of the dungeon, and saw 4 of its levels.

You collected 227 gold pieces.

Inventory:

Hand Weapons
 a - a +0 mace (weapon)
 b - a +0 great mace
 d - a +0 sling
Missiles
 g - 8 boomerangs (quivered)
 j - 15 poisoned darts
Armour
 p - a +0 leather armour (worn)
Jewellery
 h - a +4 ring of slaying (left hand)
Scrolls
 c - a scroll of enchant armour {unknown}
 f - 2 scrolls of identify
 i - a scroll of poison {unknown}
 k - a scroll of fog {unknown}
 n - a scroll of magic mapping {unknown}
 o - a scroll of amnesia {unknown}
Potions
 e - 3 potions of curing
 l - a potion of haste
 m - a potion of invisibility


   Skills:
 + Level 4.2 Fighting
 * Level 4.5 Maces & Flails
 * Level 4.4 Armour
 + Level 2.5 Dodging


You had 5 spell levels left.
You didn't know any spells.
Your spell library was empty.

Dungeon Overview and Level Annotations

Branches:
Dungeon (4/15)
 Temple: D:4-7

Altars:

Shops:
D:1 *


Innate Abilities, Weirdness & Mutations

You are immune to sickness and miasma.
Your stone body is resilient. (AC +4)
You are immune to poison.
You resist negative energy. (rN+)
You are resistant to electric shocks. (rElec)
You are resistant to unholy torment.
You are immune to petrification.


Message History

The iguana is moderately wounded.
The iguana barely misses you.
You sock the iguana!
You kill the iguana!
Trog accepts your kill.
Items here: ( )))) †††.
Okay, then.
You start resting.
HP restored.
Found a stone staircase leading down.
There is a stone staircase leading down here.
Found a great mace.
You see here a +0 great mace.
You see here a +0 great mace.
b - a +0 great mace A ball python comes into view.
The ball python moves out of view.
You sock the ball python!
You kill the ball python!
Trog accepts your kill.
You see here a ball python corpse.
A jelly comes into view.
The jelly quivers.
You thump the jelly! The acid corrodes you!
Your hands burn!
The jelly is moderately wounded.
The jelly hits you.
You are splashed with acid!
You hit the jelly. The acid corrodes you!
Your hands burn!
The jelly is heavily wounded.
The jelly barely misses you.
You sock the jelly! The acid corrodes you!
Your hands burn!
The jelly is severely wounded.
The jelly hits you. The acid corrodes you!
You are splashed with acid!
* * * LOW HITPOINT WARNING * * *
You hit the jelly but do no damage.
Your hands burn!
* * * LOW HITPOINT WARNING * * *
The jelly is severely wounded.
The jelly closely misses you. The jelly hits you.
* * * LOW HITPOINT WARNING * * *
The acid corrodes you!
You are splashed with acid!
You die...

#.# #.# #.#
#.# . #.###
... #.#.##
.....###....##
......J@.....#
.....###....##
... ##..#.## .
#.#†### ##.##
# #.# #.# #.#
######.####
#.# .........#
#.#


You could see a jelly.

Vanquished Creatures
  2 iguanas (D:4)
  An orc wizard (D:3)
  7 gnolls
  5 adders
  4 worms
  5 orcs (D:3)
  6 ball pythons
  7 endoplasms
  3 giant cockroaches
  5 goblins
  2 hobgoblins
  9 kobolds
  3 quokkas
  7 bats
  4 frilled lizards (D:1)
  5 rats
75 creatures vanquished.

Notes
Turn   | Place    | Note
-------+----------+-------------------------------------------
     0 | D:1      | KittyFluff the Gargoyle Berserker began the quest for the
                  | Orb.
     0 | D:1      | Reached XP level 1. HP: 14/14 MP: 1/1
   101 | D:1      | Reached XP level 2. HP: 15/19 MP: 2/2
   332 | D:1      | Reached XP level 3. HP: 23/23 MP: 3/3
   371 | D:1      | Found a faded altar of an unknown god.
   405 | D:1      | Found Yzau's Assorted Antiques.
   599 | D:1      | Reached ** piety under Trog
  1130 | D:2      | Reached XP level 4. HP: 28/28 MP: 4/4
  1678 | D:3      | Reached XP level 5. HP: 30/33 MP: 5/5
  2591 | D:4      | Reached XP level 6. HP: 31/38 MP: 6/6
  2746 | D:4      | Splashed by a jelly's acid

Illustrated notes

Levels and vault maps discovered:
D:1:      enne_arrival_octagon_isle, layout_loops_ring, serial_shops, shop,
          shapermc_ecumenical_altar_mp_highgroup
D:2:      layout_basic
D:3:      layout_basic
D:4:      layout_loops_corners, hellmonk_okawaru_the_only_friend_you_need

Skill      XL: |  1  2  3  4  5 |
---------------+----------------+-----
Armour         | 3 4 |  4.4
Dodging        | 2 |  2.5
Maces & Flails | 4 |  4.5
Fighting       | 4 |  4.2

Action                     |  1- 3 |  4- 6 || total
---------------------------+-------+-------++-------
  Melee: Mace              |    84 |   118 ||   202
         Punch             |     1 |       ||     1
    Use: Scroll            |       |     4 ||     4
   Stab: Sleeping          |     1 |       ||     1
 Armour: Animal skin       |    34 |    17 ||    51
         Leather armour    |       |     8 ||     8
  Dodge: Dodged            |    65 |    61 ||   126
